 Seeded DCSS version 0.29-a0-468-ge57f7f99b4 (webtiles) character file.

Game seed: 9296762951556685199 (custom seed)

2373 Snarg the Changer (level 9, -4/61 HPs)
             Began as an Octopode Transmuter on May 21, 2022.
             Was an Initiate of Gozag.
             Slain by an orc warrior
             ... wielding a +0 war axe
              (16 damage)
             ... on level 8 of the Dungeon on May 22, 2022.
             The game lasted 00:58:31 (10263 turns).

Snarg the Changer (Octopode Transmuter)            Turns: 10263, Time: 00:58:31

Health: -4/61      AC:  1    Str: 13    XL:     9   Next: 45%
Magic:  9/13       EV: 19    Int: 15    God:    Gozag
Gold:   48         SH:  0    Dex: 19    Spells: 3/14 levels left

rFire   + . .      SeeInvis .     - Unarmed
rCold   + . .      Faith    .   (no shield)
rNeg    . . .      Spirit   .   (helmet currently unavailable)
rPois   +          Reflect  .   A - amulet of the acrobat
rElec   +          Harm     .   f - ring of wizardry
rCorr   +          Rampage  .   c - +4 ring of evasion
Will    .....                   y - +6 ring of dexterity
Stlth   +++.......              (no ring)
HPRegen 0.20/turn               (no ring)
MPRegen 0.13/turn               (no ring)
                                (no ring)
                                (no ring)

@: appendages, silenced, resistant, wereblooded
A: tentacle spike 3, almost no armour, amphibious, 8 rings, camouflage 1,
gelatinous body 1, (nimble swimmer 1), tentacles
a: End Transformation, Renounce Religion


You were on level 8 of the Dungeon.
You worshipped Gozag.
Gozag was noncommittal.
One of your tentacles had grown a beastly spike.
You visited 2 branches of the dungeon, and saw 9 of its levels.

You collected 442 gold pieces.
You spent 266 gold pieces at shops.
You paid 128 gold pieces to Gozag.

Inventory:

Hand Weapons
 j - a +1 dagger of venom
 p - the +4 whip "Orb Guardian's Regret" {freeze, rN+ Str+4}
   (You took it off an orc on level 7 of the Dungeon)

   It freezes those it strikes, dealing additional cold damage.
   It can also slow down cold-blooded creatures.
   Str:       It affects your strength (+4).
   rN:        It protects you from negative energy.
 s - a +0 short sword of freezing
 t - a +1 vorpal falchion
Missiles
 h - 180 stones (quivered)
 m - a boomerang of dispersal
 o - 6 poisoned darts
 r - a throwing net
Magical Staves
 b - a staff of poison
Jewellery
 c - a +4 ring of evasion (right tentacle)
 f - a ring of wizardry (left tentacle)
 y - a +6 ring of dexterity (on tentacle)
 A - an amulet of the acrobat (around mantle)
Wands
 i - a wand of digging (6)
 k - a wand of acid (7)
 u - a wand of iceblast (11)
Scrolls
 d - 3 scrolls of fog
 g - a scroll of enchant armour
 l - 3 scrolls of teleportation
 n - a scroll of enchant weapon
 w - 2 scrolls of magic mapping
Potions
 a - a potion of curing


   Skills:
 * Level 5.0 Fighting
 * Level 1.6 Staves
 - Level 2.0 Throwing
 + Level 4.1 Dodging
 + Level 6.0 Stealth
 + Level 5.7 Unarmed Combat
 - Level 3.0 Spellcasting
 * Level 0.9 Conjurations
 + Level 6.8 Transmutations
 * Level 0.8 Fire Magic
 - Level 2.0 Ice Magic
 * Level 1.4 Poison Magic
 + Level 1.0 Evocations


You had 3 spell levels left.
You knew the following spells:

 Your Spells              Type           Power      Damage    Failure   Level
a - Beastly Appendage     Tmut           44%        N/A       1%          1
b - Wereblood             Tmut           22%        N/A       1%          2
c - Ice Form              Ice/Tmut       15%        N/A       13%         4
d - Foxfire               Conj/Fire      16%        2x1d4     6%          1
e - Ignite Poison         Fire/Tmut/Pois 11%        N/A       7%          3

Your spell library contained the following spells:

 Spells                   Type           Power      Damage    Failure   Level
 Passwall                 Tmut/Erth      10%        N/A       3%          2
 Spider Form              Tmut/Pois      14%        N/A       4%          3
 Ensorcelled Hibernation  Hex/Ice        10%        N/A       9%          2
 Scorch                   Fire           8%         2d5       9%          2
 Conjure Flame            Conj/Fire      4%         6-21      16%         3
 Inner Flame              Hex/Fire       3%         N/A       21%         3
 Swiftness                Air            2%         N/A       24%         3
 Flame Wave               Conj/Fire      4%         2d5       45%         4
 Sticky Flame             Conj/Fire      4%         2d3       45%         4
 Cause Fear               Hex            1%         N/A       58%         4
 Dragon Form              Tmut           11%        N/A       98%         7
 Summon Cactus Giant      Summ           1%         N/A       100%        6
 Dragon's Call            Summ           1%         N/A       100%        9


Dungeon Overview and Level Annotations

Branches:
Dungeon (8/15)             Temple (1/1) D:7
   Lair: D:8-11

Altars:
Ashenzari
Cheibriados
Dithmenos
Elyvilon
Fedhas
Gozag
Hepliaklqana
Kikubaaqudgha
Makhleb
Nemelex Xobeh
Okawaru
Qazlal
Ru
Sif Muna
Trog
Uskayaw
Vehumet
Wu Jian
Xom
Yredelemnul
Zin
The Shining One

Shops:
D:1 =   D:2 ?

Annotations:
D:1 clr
D:2 clr
D:3 clr
D:4 2 runed translucent doors, yuif, clr, 1 exclusion, Crazy Yiuf
D:5 clr
D:6 clr
D:7 Menkaure


Innate Abilities, Weirdness & Mutations

One of your tentacles has grown a beastly spike.
You cannot wear most types of armour.
You are amphibious.
You can wear up to eight rings at the same time.
Your skin changes colour to match your surroundings (Stealth+).
Your rubbery body absorbs attacks. (AC +1, EV +1)
((You are camouflaged when in or above water. (Stealth+)))
You have tentacles for arms and can constrict up to eight enemies at once.


Message History

Deactivating autopickup; reactivate with Ctrl-A.
An orc comes into view. It is wielding a +0 club.
Unknown command.
Casting: Beastly Appendage (safe; 1% risk of failure)
Confirm with . or Enter, or press ? or * to list all spells.
Your blood is infused with primal strength.
Unknown command.
Casting: Wereblood (safe; 1% risk of failure)
Confirm with . or Enter, or press ? or * to list all spells.
You conjure some foxfire!
You hear some strange, mumbled words.
A magic dart appears from out of thin air!
The magic dart hits you!
An orc wizard comes into view.
It is wielding a +0 dagger and wearing a +0 robe of willpower.
Unknown command.
Something misses you.
The foxfire hits something but does no damage. x2
Casting: Foxfire (safe; 6% risk of failure)
Confirm with . or Enter, or press ? or * to list all spells.
You conjure some foxfire!
Something hits you.
The foxfire hits something but does no damage.
You closely miss something.
Your tentacle spike misses something.
You closely miss something.
Your tentacle spike misses something.
Something hits you. The orc warrior completely misses you.
You miss something.
Your tentacle spike misses something.
You hear some strange, mumbled words.
A puff of flame appears from out of thin air!
The puff of flame hits you!
The orc warrior hits you with a +0 war axe!
It was a potion of resistance.
You feel protected. Something hits you.
The orc warrior hits you with a +0 war axe!!
* * * LOW HITPOINT WARNING * * *
As you read the scroll labelled ETHIFIO TALUUPPEO, it crumbles to dust.
A profound silence engulfs you.
It was a scroll of silence.
Something hits you.
* * * LOW HITPOINT WARNING * * *
The orc warrior hits you with a +0 war axe!
You die...
Your body crumbles into a pile of gold.

$ # $ .#
o.#
####o.##
#Fo.F..#
####o#
###..{@#
##...####
#..###
##.##
#####..#
$
#....<##
#..#####
#.


You could see an orc warrior, a bullfrog and an orc wizard.

Vanquished Creatures
  Sigmund (D:2)
  A steam dragon (D:7)
  An orc warrior (D:6)
  An ice beast (D:6)
  A sky beast (D:6)
  2 ogres (D:5)
  A phantom (D:4)
  A kobold brigand (D:4)
  3 scorpions
  A bullfrog (D:7)
  A necrophage (D:5)
  6 wights
  2 howler monkeys (D:6)
  2 jellies (D:5)
  2 orc priests
  2 hounds
  2 gnoll shamans
  6 iguanas
  3 orc wizards
  Natasha (thrice) (D:4)
  9 gnolls
  4 adders
  2 white imps (D:6)
  5 dart slugs
  20 orcs
  8 endoplasms
  3 giant cockroaches
  9 goblins
  7 hobgoblins
  9 jackals
  11 kobolds
  3 quokkas
  7 ball pythons
  5 bats
  7 frilled lizards
  A goblin zombie (D:4)
  A kobold skeleton (D:4)
  5 rats
158 creatures vanquished.

Vanquished Creatures (others)
  16 foxfires
  6 plants (D:4)
22 creatures vanquished.

Grand Total: 180 creatures vanquished

Notes
Turn   | Place    | Note
-------+----------+-------------------------------------------
     0 | D:1      | Snarg the Octopode Transmuter began the quest for the Orb.
     0 | D:1      | Reached XP level 1. HP: 13/13 MP: 3/3
   170 | D:1      | Reached XP level 2. HP: 6/18 MP: 3/5
   364 | D:1      | Learned a level 2 spell: Wereblood
   511 | D:1      | Found Ogiomu Neig's One-of-a-Kind Rings.
   857 | D:2      | Noticed Sigmund
   913 | D:2      | Found Hiclifor's Magic Scroll Boutique.
   971 | D:2      | Reached XP level 3. HP: 23/23 MP: 6/6
  1016 | D:2      | Bought a scroll of identify for 26 gold pieces
  1158 | D:2      | Found a faded altar of an unknown god.
  1751 | D:3      | Reached XP level 4. HP: 28/28 MP: 3/7
  2040 | D:3      | Reached skill level 1 in Stealth
  2183 | D:4      | Reached XP level 5. HP: 22/34 MP: 5/8
  2417 | D:4      | Found a runed translucent door.
  2418 | D:4      | Noticed a human
  2425 | D:4      | Found a basalt altar of Yredelemnul.
  2701 | D:4      | Noticed Natasha
  2707 | D:4      | Killed Natasha
  2755 | D:4      | Found a runed translucent door.
  2756 | D:4      | Noticed Crazy Yiuf
  2831 | D:4      | Noticed Natasha
  2846 | D:4      | Killed Natasha
  2986 | D:4      | Reached skill level 1 in Throwing
  2986 | D:4      | Reached XP level 6. HP: 18/41 MP: 7/9
  3198 | D:4      | Noticed Natasha
  3217 | D:4      | Killed Natasha
  3785 | D:4      | Reached XP level 7. HP: 46/46 MP: 7/10
  4180 | D:5      | Entered Level 5 of the Dungeon
  4315 | D:5      | Reached skill level 5 in Transmutations
  4486 | D:5      | Learned a level 4 spell: Ice Form
  4867 | D:5      | Identified the +2 helmet "Fefo" {Fly rCorr Dex+4 Slay-6}
  5011 | D:5      | Identified the +0 leather armour "Taonuts" {*Corrode Fly
                  | rElec Str+10}
  5108 | D:5      | Reached skill level 1 in Ice Magic
  5356 | D:5      | Reached XP level 8. HP: 44/52 MP: 11/11
  6304 | D:2      | Bought a scroll of magic mapping for 45 gold pieces
  6480 | D:2      | Killed Sigmund
  6481 | D:2      | Reached skill level 5 in Stealth
  7274 | D:6      | Reached skill level 5 in Unarmed Combat
  7274 | D:6      | Reached XP level 9. HP: 51/59 MP: 11/13
  7555 | D:6      | Reached skill level 1 in Evocations
  7829 | D:7      | Learned a level 1 spell: Foxfire
  7833 | D:7      | Learned a level 3 spell: Ignite Poison
  7845 | D:7      | Reached skill level 1 in Staves
  7985 | D:7      | Found a staircase to the Ecumenical Temple.
  8005 | Temple   | Entered the Ecumenical Temple
  8436 | Temple   | Became a worshipper of Gozag Ym Sagoz the Greedy
  8596 | D:2      | Bought 3 scrolls of fog for 78 gold pieces
  8752 | D:7      | Noticed Menkaure
  8788 | D:7      | Identified the +4 whip "Orb Guardian's Regret" {freeze, rN+
                  | Str+4}
  9108 | D:7      | Reached skill level 5 in Fighting
  9541 | D:7      | Reached skill level 1 in Poison Magic
  9898 | D:2      | Bought a scroll of teleportation for 39 gold pieces
  9898 | D:2      | Bought a scroll of teleportation for 39 gold pieces
  9898 | D:2      | Bought a scroll of teleportation for 39 gold pieces
 10263 | D:8      | Slain by an orc warrior

Illustrated notes

Levels and vault maps discovered:
D:1:      amcnicky_arrival_flooded_fountain, layout_basic,
          nicolae_shop_unique_rings
D:2:      layout_rooms, serial_shops, shop, basic_ecumenical_altar,
          kennysheep_generic_room_16, uniq_sigmund
D:3:      layout_basic
D:4:      layout_basic, dk_yredelemnul_ordeal, serial_glass, glass_columns_a,
          glass_columns_a, glass_columns_a, lexackson_kobold_supper,
          uniq_crazy_yiuf_cottage, uniq_natasha
D:5:      layout_loops_ring
D:6:      layout_loops_ring, chequers_serial_rivers_small_b, chequers_jeans
D:7:      layout_basic, temple_pool_b, feat_on_display, uniq_menkaure
D:8:      layout_rooms, serial_shops, shop, nicolae_shop_self_help, uniq_joseph,
          uniq_grum
Temple:   roderic_octagonal_lattice_temple

Skill      XL: |  1  2  3  4  5  6  7  8  9 |
---------------+----------------------------+-----
Transmutations | 3 4 5 6 |  6.8
Stealth        | 1 2 3 4 5 6 |  6.0
Fighting       | 2 3 4 5 |  5.0
Throwing       | 1 2 |  2.0
Dodging        | 3 4 |  4.1
Ice Magic      | 1 2 |  2.0
Unarmed Combat | 5 |  5.7
Spellcasting   | 3 |  3.0
Evocations     | 1 |  1.0
Staves         | 1 |  1.6
Poison Magic   | 1 |  1.4
Conjurations   | |  0.9
Fire Magic     | |  0.8

Action                   |  1- 3 |  4- 6 |  7- 9 || total
-------------------------+-------+-------+-------++-------
Melee: Unarmed           |    75 |    87 |   185 ||   347
       Kick              |    17 |    29 |    72 ||   118
       Tentacles         |    13 |    19 |    49 ||    81
       Constrict         |    13 |    25 |    44 ||    82
       Punch             |     3 |       |     8 ||    11
       Dagger            |       |     3 |       ||     3
       Staff             |       |       |     2 ||     2
Throw: Stone             |    10 |    55 |    80 ||   145
       Throwing net      |       |       |     2 ||     2
       Dart              |       |       |     8 ||     8
       Boomerang         |       |       |     1 ||     1
 Cast: Beastly Appendage |    26 |    21 |    34 ||    81
       Wereblood         |     6 |     6 |    14 ||    26
       Foxfire           |       |       |    10 ||    10
       Ice Form          |       |       |     1 ||     1
Evoke: Wand              |       |     1 |     7 ||     8
  Use: Scroll            |       |     6 |    16 ||    22
       Potion            |       |     1 |    14 ||    15
 Stab: Sleeping          |     1 |     2 |     6 ||     9
       Held in net/web   |       |       |     2 ||     2
Armor: Skin              |     8 |     4 |     8 ||    20
Dodge: Dodged            |    48 |    43 |   116 ||   207

Table legend: (Time is in decaauts)
 A = Elapsed time spent in this place.
 B = Non-inter-level travel time spent in this place.
 C = Inter-level travel time spent in this place.
 D = Time resting spent in this place.
 E = Time spent auto-exploring this place.
 F = Levels seen in this place.
 G = Mean time per level.
                   A        B        C        D        E       F      G
               +--------+--------+--------+--------+--------+-----+--------+
         Total |  10252 |   8707 |   1545 |   2447 |   3638 |   9 | 1139.1 |
       Dungeon |   9796 |   8316 |   1480 |   2447 |   3270 |   8 | 1224.5 |
        Temple |    455 |    390 |     65 |      0 |    368 |   1 |  455.0 |
               +--------+--------+--------+--------+--------+-----+--------+

Top non-repeatable levels by time:
     D:4: 2335 daAuts
     D:5: 1608 daAuts
     D:6: 1502 daAuts
     D:1: 1286 daAuts
     D:7: 1178 daAuts
     D:2: 1018 daAuts
     D:3: 846 daAuts
  Temple: 455 daAuts
     D:8: 21 daAuts
